 Dungeon Crawl Stone Soup version 0.27.1-35-g4d5d836560 (console) character file.

Game seed: 14658261965671338265

244386 grimtooth the Devastator (level 19, -24/116 HPs)
             Began as a Tengu Conjurer on Mar 9, 2022.
             Was the Champion of Vehumet.
             Annihilated by a vault warden (26 damage)
             ... on level 2 of the Vaults on Mar 13, 2022.
             The game lasted 07:32:01 (55423 turns).

grimtooth the Devastator (Tengu Conjurer)          Turns: 55423, Time: 07:32:02

Health: -24/116    AC: 14    Str:  9    XL:     19   Next: 90%
Magic:  34/48      EV: 19    Int: 29    God:    Vehumet [******]
Gold:   2837       SH:  7    Dex: 15    Spells: 3/49 levels left

rFire    + . .     SeeInvis .   b - staff of conjuration
rCold    + + .     Faith    .   S - +2 buckler {reflect}
rNeg     . . .     Spirit   .   E - +0 steam dragon scales
rPois    .         Reflect  +   e - +2 hat {Will+}
rElec    +         Harm     .   R - scarf {rC+ rF+}
rCorr    .         Rampage  .   z - +0 pair of gloves
Will     ++...                  (boots unavailable)
Stlth    +++.......             x - amulet of the acrobat
HPRegen  0.29/turn              N - ring "Eseuke" {rElec rC+ MP+9 AC+4, !R}
MPRegen  0.31/turn              h - +6 ring of intelligence

@: about to teleport, marked, flying quickly and evasively, very slightly
contaminated, hasted, invisible, very quick
A: beak, talons 3, nimble flight
}: 1/15 runes: serpentine
a: Renounce Religion


You were on level 2 of the Vaults.
You worshipped Vehumet.
Vehumet was exalted by your worship.
You visited 7 branches of the dungeon, and saw 34 of its levels.
You also visited: Bailey and Volcano.

You collected 3967 gold pieces.
You spent 1130 gold pieces at shops.

Inventory:

Hand Weapons
 a - the +8 whip "Snakebite" {venom, curare, rPois}
   (You found it on level 5 of the Lair of Beasts)

   It poisons the flesh of those it strikes.
   It occasionally inflicts asphyxiating poison on those it strikes, dealing
   poison damage and causing slowness.
   rPois:     It protects you from poison.
 C - a +0 dagger
 H - a +1 demon whip of flaming
Missiles
 g - 102 poisoned darts (quivered)
 y - a throwing net {=f}
 U - 6 curare-tipped darts
Armour
 e - a +2 hat of willpower (worn)
 z - a +0 pair of gloves (worn)
 E - +0 steam dragon scales (worn)
 R - a scarf of resistance (worn)
 S - a +2 buckler of reflection (worn)
Magical Staves
 b - a staff of conjuration (weapon)
Jewellery
 c - the ring "Wour" {+Blink rPois rN+ Str+5 Dex-3}
   (You found it on level 13 of the Dungeon)

   [ring of positive energy]

   Str:       It affects your strength (+5).
   Dex:       It affects your dexterity (-3).
   rPois:     It protects you from poison.
   rN:        It protects you from negative energy.
   +Blink:    It lets you blink.
 h - a +6 ring of intelligence (right hand)
 i - a ring of see invisible
 k - a ring of resist corrosion
 x - an amulet of the acrobat (around neck)
 N - the ring "Eseuke" (left hand) {rElec rC+ MP+9 AC+4, !R}
   (You found it on level 3 of the Snake Pit)

   [ring of protection]

   AC:        It affects your AC (+4).
   rC:        It protects you from cold.
   rElec:     It insulates you from electricity.
   MP:        It affects your magic capacity (+9).
Wands
 s - a wand of mindburst (17)
 A - a wand of polymorph (6)
 G - a wand of digging (11)
 J - a wand of flame (29)
 K - a wand of iceblast (15)
Scrolls
 f - 7 scrolls of teleportation
 l - 2 scrolls of fear
 m - 4 scrolls of magic mapping
 o - 3 scrolls of fog
 q - a scroll of blinking
 r - a scroll of summoning
 v - 2 scrolls of amnesia
Potions
 j - a potion of brilliance
 p - a potion of berserk rage
 t - 5 potions of cancellation
 u - 2 potions of ambrosia
 w - 6 potions of curing
 B - 4 potions of might
 D - 4 potions of attraction
 F - 2 potions of resistance
 L - a potion of haste
 Q - a potion of invisibility
Miscellaneous
 d - a phantom mirror
 n - a piece from Xom's chessboard (15/15)
 I - a phial of floods
 O - a lightning rod (4/4)


   Skills:
 - Level 12.0 Fighting
 - Level 6.0 Maces & Flails
 - Level 9.0 Armour
 - Level 9.0 Dodging
 - Level 6.0 Stealth
 - Level 6.0 Shields
 + Level 15.7 Spellcasting
 - Level 18.0 Conjurations
 - Level 6.0 Hexes
 - Level 6.0 Translocations
 - Level 12.0 Fire Magic
 - Level 6.0 Ice Magic
 - Level 12.0 Air Magic
 - Level 4.0 Earth Magic
 - Level 4.0 Poison Magic
 - Level 6.0 Evocations


You had 3 spell levels left.
You knew the following spells:

 Your Spells              Type           Power      Damage    Failure   Level
a - Magic Dart            Conj           100%       1d8       0%          1
b - Searing Ray           Conj           100%       3d7       0%          2
c - Mephitic Cloud        Conj/Pois/Air  93%        N/A       1%          3
d - Iskenderun's Mystic   Conj/Tloc      95%        2d18      1%          4
f - Fulminant Prism       Conj/Hex       47%        3d21      1%          4
g - Iron Shot             Conj/Erth      46%        9d9       1%          6
h - Starburst             Conj/Fire      52%        6d14      1%          6
j - Freezing Cloud        Conj/Ice/Air   47%        6-21      1%          5
k - Fireball              Conj/Fire      52%        3d20      1%          5
s - Iskenderun's Battles  Conj           100%       2d15      1%          5
t - Irradiate             Conj/Tmut      42%        3d28      1%          5

Your spell library contained the following spells:

 Spells                   Type           Power      Damage    Failure   Level
 Ignition                 Fire           37%        3d11      24%         8
 Chain Lightning          Conj/Air       52%        3d70      71%         9
 Polar Vortex             Ice            27%        N/A       100%        9
 Shock                    Conj/Air       100%       1d9       0%          1
 Corona                   Hex            61%        N/A       1%          1
 Sandblast                Erth           90%        2d19      1%          1
 Sting                    Tmut/Pois      100%       1d8       1%          1
 Blink                    Tloc           N/A        N/A       1%          2
 Ensorcelled Hibernation  Hex/Ice        100%       N/A       1%          2
 Poisonous Vapours        Pois/Air       100%       N/A       1%          2
 Dazzling Flash           Conj/Hex       100%       N/A       1%          3
 Lesser Beckoning         Tloc           27%        N/A       1%          3
 Ozocubu's Armour         Ice            55%        N/A       1%          3
 Stone Arrow              Conj/Erth      100%       3d13      1%          3
 Swiftness                Air            75%        N/A       1%          3
 Tukima's Dance           Hex            55%        N/A       1%          3
 Sublimation of Blood     Necr           11%        N/A       3%          2
 Airstrike                Air            37%        N/A       1%          4
 Hailstorm                Conj/Ice       95%        3d19      1%          4
 Olgreb's Toxic Radiance  Pois           45%        N/A       1%          4
 Passage of Golubria      Tloc           N/A        N/A       1%          4
 Summon Lightning Spire   Summ/Air       55%        N/A       1%          4
 Bolt of Magma            Conj/Fire/Erth 46%        4d19      1%          5
 Conjure Ball Lightning   Conj/Air       52%        3x3d18    1%          6
 Orb of Destruction       Conj           56%        9d16      1%          7
 Leda's Liquefaction      Hex/Erth       25%        N/A       2%          4
 Manifold Assault         Tloc           55%        N/A       4%          5
 Metabolic Englaciation   Hex/Ice        27%        N/A       4%          5
 Yara's Violent Unravell  Hex/Tmut       20%        3d9       4%          5
 Ice Form                 Ice/Tmut       40%        N/A       6%          4
 Petrify                  Tmut/Erth      34%        N/A       9%          4
 Summon Forest            Summ/Tloc      20%        N/A       17%         5
 Summon Mana Viper        Hex/Summ       40%        N/A       17%         5
 Animate Dead             Necr           11%        N/A       21%         4
 Maxwell's Capacitive Co  Air            37%        ∞         24%         8
 Alistair's Intoxication  Tmut/Pois      22%        N/A       26%         5
 Borgnjor's Vile Clutch   Necr/Erth      17%        N/A       26%         5
 Dispersal                Tloc           27%        N/A       26%         6
 Eringya's Noxious Bog    Tmut/Pois      17%        N/A       32%         6
 Simulacrum               Ice/Necr       20%        N/A       67%         6
 Statue Form              Tmut/Erth      22%        N/A       80%         6
 Storm Form               Tmut/Air       27%        N/A       83%         7
 Shadow Creatures         Summ           N/A        N/A       97%         6
 Haunt                    Necr/Summ      11%        N/A       100%        7
 Disjunction              Tloc           27%        N/A       100%        8
 Infestation              Necr           11%        N/A       100%        8


Dungeon Overview and Level Annotations

Branches:
Dungeon (15/15)            Temple (1/1) D:4            Lair (6/6) D:10
  Swamp (4/4) Lair:2        Snake (4/4) Lair:3        Slime (0/5) Lair:5
    Orc (2/2) D:9             Elf (0/3) Orc:2        Vaults (2/5) D:13
 Depths (0/5) D:15         Bailey (visited)         Volcano (visited)
  Crypt: Vaults:2-3

Altars:
Ashenzari
Cheibriados
Dithmenos
Elyvilon
Fedhas
Gozag
Hepliaklqana
Kikubaaqudgha
Makhleb
Nemelex Xobeh
Okawaru
Qazlal
Ru
Uskayaw
Vehumet
Wu Jian
Xom
Yredelemnul
Zin
The Shining One
Beogh
Jiyva

Shops:
Orc:2 ?[??   Snake:2 [   Snake:4 ::=   Vaults:1 ([?   Vaults:2 [

Portals:
Hell: Lair:6

Annotations:
D:6 3 runed translucent doors, Duder's ghost, novice MiBe
D:7 3 runed translucent doors, Dormantt's ghost, novice NaFi
Swamp:4 Mara
Snake:2 Vashnia
Snake:3 Selrock's ghost, adept DsMo
Vaults:2 Bai Suzhen


Innate Abilities, Weirdness & Mutations

You have a beak for a mouth.
You have claws for feet.
Your magical nature lets you fly swiftly and evasively.


Message History

A vault sentinel comes into view. It is wielding a +0 falchion.
The deep troll is engulfed in freezing vapours.
You feel yourself speed up.
The vault warden is engulfed in freezing vapours.
The vault sentinel blows a loud note on a signal horn!
You block the vault guard's attack.
Casting: Iron Shot (dangerous; 1% risk of failure)
Confirm with . or Enter, or press ? or * to list all spells.
You feel a surge of power!
You erupt in a blast of force!
The mystic blast hits the ironbound thunderhulk!
The ironbound thunderhulk is lightly wounded.
The ironbound thunderhulk is knocked back by the mystic blast.
The mystic blast hits the vault warden!
The vault warden is heavily wounded.
The vault warden is knocked back by the mystic blast.
The mystic blast hits the deep troll!!
The deep troll is severely wounded.
The deep troll is knocked back by the mystic blast.
The mystic blast hits the deep troll.
The deep troll is heavily wounded.
The deep troll is knocked back by the mystic blast.
The mystic blast hits the vault guard!!
The vault guard is heavily wounded.
The vault guard is knocked back by the mystic blast.
The vault guard collides with the vault warden!
The yaktaur captain wields a +0 arbalest.
The yaktaur captain shoots a bolt.
The bolt hits you!
* * * LOW HITPOINT WARNING * * *
The vault sentinel blows a loud note on a signal horn!
The vault warden is engulfed in freezing vapours.
You fade into invisibility!
As you read the scroll of teleportation, it crumbles to dust.
You feel strangely unstable.
The deep troll is engulfed in freezing vapours.
The vault warden is engulfed in freezing vapours.
Okay, then.
As you read the scroll of fog, it crumbles to dust.
The scroll dissolves into smoke.
The vault warden hits you from afar with a +3 glaive of freezing!!
You die...

*,*,*,* ########........#*
**,*,*,*########......#........#*
*,**,**,+.$....#......#........#
*,**,**,#......+).§§..#........#
*,**,**,#......#[.☼°§.#........#
*,**,**,#......#..§p§.#........#
*,**,**,#......#.§§§..#........##
**,*,*,*#......#[T)○..#.T......+.
*,*,*,*#......#T§§..cpdT......#.
**,,,**#......#§§O...#........#.
***** #......#@§pp..#..T.....#.
*******+*****########....p...#.
*,,,,,,,* #....T...'. ***,,,,,,,*
#....T...## ,,,,,,,,,,*
#........* ,,*,,,,,,,* *.......,*
*,**,,,,,,* *,,,,,,,,*
,,,*,,,,,,* *,,,,,,,,*
,∩,,,****** *,,,,,,,,* ,,,*,*
*,,,,,,,,* *,**,* *,,,,,,,,*


You could see a vault warden, an ironbound thunderhulk and a deep troll.

Vanquished Creatures
  Saint Roka (Orc:2)
  Jorgrun (Orc:1)
  2 thorn hunters
  Roxanne (Swamp:4)
  Kirke (D:14)
  A storm dragon (Vaults:1)
  Donald (Orc:2)
  5 nagarajas (Snake:4)
  A fire giant (D:15)
  A deep elf sorcerer (Vaults:1)
  3 vault wardens
  Louise (Swamp:4)
  An ironbound preserver (Vaults:2)
  2 war gargoyles (Vaults:1)
  4 very ugly things
  2 bunyips
  4 dire elephants (Vaults:1)
  2 eleionomae
  Fannar (D:10)
  2 shambling mangroves
  2 great orbs of eyes (Vaults:1)
  A fire dragon (D:15)
  5 salamander tyrants (Snake:4)
  2 boulder beetles
  A vault guard (Vaults:1)
  An ogre mage (D:15)
  6 naga warriors
  18 hydras
  A rakshasa (D:15)
  6 ironbound thunderhulks
  A ghost crab (Swamp:4)
  4 ironbound frosthearts
  8 two-headed ogres
  14 alligators
  4 anacondas
  4 centaur warriors
  8 death yaks
  A hell hog (Volcano)
  3 tengu warriors
  7 naga sharpshooters
  4 orc high priests (Orc:2)
  7 shock serpents
  4 ironbound beastmasters (Vaults:1)
  Sonja (Lair:2)
  Nergalle (D:12)
  A shadow wraith (D:13)
  A fire crab (Volcano)
  5 goliath frogs
  6 skeletal warriors (D:13)
  A sixfirhy (Lair:6)
  6 salamander mystics
  3 sea snakes
  A deep troll (Vaults:2)
  3 spriggan druids
  3 bog bodies (Swamp:4)
  2 wizards
  6 ironbound convokers
  8 orc knights
  A phantasmal warrior (Vaults:1)
  3 naga ritualists
  2 wolf spider zombies (D:13)
  Pikel (D:6)
  10 oklob plants
  2 lindwurms (Vaults:1)
  6 mana vipers
  2 manticores
  7 orc sorcerers (Orc:2)
  16 ugly things
  4 cyclopes
  7 will-o-the-wisps
  25 salamanders
  6 guardian serpents
  A torpor snail (Lair:6)
  7 centaur skeletons (D:13)
  11 naga magi
  5 vault sentinels (Vaults:1)
  9 elephants
  23 black mambas
  A cane toad (shapeshifter) (D:15)
  2 molten gargoyles (Volcano)
  A gargoyle (D:12)
  An orange demon (Lair:6)
  15 cane toads
  9 rime drakes
  11 komodo dragons
  2 yaktaurs (Vaults:1)
  2 efreet
  3 swamp worm zombies (Swamp:4)
  3 ice devils (Lair:6)
  A redback zombie (D:13)
  A red devil (Lair:6)
  A hellwing (Lair:6)
  2 freezing wraiths (D:13)
  5 polar bears
  2 tengu conjurers
  3 meliai (D:13)
  2 tyrant leeches
  10 hornets
  12 trolls
  26 slime creatures
  27 blink frogs
  An alligator zombie (Swamp:4)
  20 dream sheep
  A shadow (D:13)
  4 flying skulls (D:13)
  A meliai zombie (D:13)
  4 wyverns
  9 spriggans
  10 wraiths
  7 basilisks
  5 fire bats (Volcano)
  81 yaks
  4 steam dragons
  11 vampire mosquitoes
  Menkaure (D:4)
  4 wargs
  24 nagas
  13 swamp worms
  21 water moccasins
  5 hell hounds
  An acid dragon (D:8)
  A hornet zombie (D:13)
  An ice beast (D:8)
  A black bear (Lair:2)
  3 necrophages
  52 orc warriors
  17 ogres
  2 swamp drakes (Swamp:2)
  A lemure (D:6)
  13 centaurs
  9 wolves
  A phantom (D:7)
  5 kobold brigands
  A wyvern zombie (D:5)
  A scorpion (Lair:1)
  17 bullfrogs
  3 gnoll sergeants
  A water moccasin zombie (D:5)
  A wyvern skeleton (D:6)
  4 killer bees (D:5)
  8 wights
  5 howler monkeys
  6 electric eels
  6 bullfrog zombies (D:5)
  9 centaur zombies
  5 lava snakes (Volcano)
  22 orc priests
  2 hounds
  A human zombie (D:5)
  2 gnoll shamans
  A bullfrog skeleton (D:6)
  2 iguanas
  21 orc wizards
  7 hell rats (Lair:4)
  Terence (D:3)
  A killer bee zombie (D:7)
  A mummy (D:5)
  2 howler monkey zombies
  19 gnolls
  6 adders
  2 white imps
  An adder zombie (D:5)
  An adder skeleton (D:4)
  A worm (D:4)
  3 dart slugs
  92 orcs
  5 bats
  3 endoplasms
  6 goblins
  8 hobgoblins
  4 jackals (D:3)
  9 kobolds
  3 quokkas
  5 ball pythons
  6 frilled lizards
  4 rats
  A fulminant prism (Lair:4)
1129 creatures vanquished.

Vanquished Creatures (others)
  Nikola (Vaults:1)
  A harpy (Vaults:1)
  A yaktaur (Vaults:1)
  3 humans (D:14)
  2 orcs (Orc:2)
  A bush (Snake:4)
  6 foxfires
  80 fulminant prisms
  64 fungi
  89 plants
  2 withered plants (Snake:3)
250 creatures vanquished.

Grand Total: 1379 creatures vanquished

Notes
Turn   | Place    | Note
-------+----------+-------------------------------------------
     0 | D:1      | grimtooth the Tengu Conjurer began the quest for the Orb.
     0 | D:1      | Reached XP level 1. HP: 10/10 MP: 4/4
   249 | D:1      | Reached XP level 2. HP: 15/15 MP: 4/6
   252 | D:1      | Learned a level 2 spell: Searing Ray
  1148 | D:2      | Reached skill level 6 in Conjurations
  1148 | D:2      | Reached XP level 3. HP: 19/19 MP: 4/8
  1719 | D:3      | Found a blossoming altar of Fedhas.
  1748 | D:3      | Noticed Terence
  1753 | D:3      | Killed Terence
  1754 | D:3      | Reached XP level 4. HP: 22/24 MP: 0/9
  2067 | D:3      | Found a faded altar of an unknown god.
  2144 | D:3      | Found a snail-covered altar of Cheibriados.
  2339 | D:3      | Found an opulent altar of Gozag.
  2355 | D:3      | Found a shimmering altar of Xom.
  2450 | D:3      | Found a burning altar of Makhleb.
  2450 | D:3      | Noticed a green death
  2453 | D:3      | Noticed a ynoxinul
  2453 | D:3      | Noticed a ynoxinul
  2922 | D:4      | Gained mutation: Your magical nature lets you fly swiftly
                  | and evasively. [Tengu growth]
  2922 | D:4      | Reached XP level 5. HP: 28/28 MP: 5/11
  3015 | D:4      | Reached skill level 7 in Conjurations
  3416 | D:4      | Found a staircase to the Ecumenical Temple.
  3440 | Temple   | Entered the Ecumenical Temple
  3513 | Temple   | Became a worshipper of Vehumet
  3895 | D:4      | Noticed Menkaure
  3899 | D:4      | Killed Menkaure
  3900 | D:4      | Reached skill level 8 in Conjurations
  3900 | D:4      | Reached XP level 6. HP: 25/32 MP: 3/13
  4216 | D:5      | Entered Level 5 of the Dungeon
  4451 | D:5      | Reached skill level 9 in Conjurations
  4456 | D:5      | Learned a level 4 spell: Iskenderun's Mystic Blast
  4545 | D:5      | Noticed a steam dragon
  4871 | D:5      | Killed a steam dragon
  4872 | D:5      | Reached XP level 7. HP: 20/36 MP: 2/14
  5091 | D:5      | Reached skill level 5 in Stealth
  5330 | D:5      | Reached XP level 8. HP: 41/41 MP: 10/15
  5363 | D:5      | Found a basalt altar of Yredelemnul.
  5599 | D:5      | Reached skill level 5 in Dodging
  5862 | D:6      | Reached skill level 1 in Translocations
  5952 | D:6      | Reached * piety under Vehumet
  5952 | D:6      | Offered knowledge of Shock by Vehumet.
  5955 | D:6      | Learned a level 1 spell: Shock
  6447 | D:6      | Found a runed translucent gate.
  6447 | D:6      | Found a runed translucent gate.
  6449 | D:6      | Found a runed translucent gate.
  6451 | D:6      | Noticed Duder's ghost (novice MiBe)
  6510 | D:6      | Found a glowing golden altar of the Shining One.
  6532 | D:6      | Found a white marble altar of Elyvilon.
  7253 | D:7      | Reached XP level 9. HP: 45/45 MP: 11/16
  7484 | D:7      | Reached skill level 10 in Conjurations
  7804 | D:7      | Found a runed translucent gate.
  7804 | D:7      | Found a runed translucent gate.
  7804 | D:7      | Found a runed translucent gate.
  7826 | D:7      | Noticed Dormantt's ghost (novice NaFi)
  7828 | D:7      | Noticed a kobold demonologist
  8183 | D:8      | Reached skill level 11 in Conjurations
  8394 | D:8      | Noticed a tengu warrior
  8398 | D:8      | - that's a bit hairy
  8510 | D:8      | Offered knowledge of Foxfire by Vehumet.
  8512 | D:8      | Reached ** piety under Vehumet
  8562 | D:8      | Reached skill level 12 in Conjurations
  8909 | D:9      | Reached skill level 1 in Fighting
  9449 | D:9      | Offered knowledge of Mephitic Cloud by Vehumet.
  9450 | D:9      | Reached skill level 5 in Spellcasting
  9450 | D:9      | Reached XP level 10. HP: 56/56 MP: 14/18
  9459 | D:9      | Learned a level 3 spell: Mephitic Cloud
  9464 | D:9      | Learned a level 4 spell: Fulminant Prism
  9972 | D:9      | Reached *** piety under Vehumet
 10083 | D:9      | Paralysed by a hornet for 1 turns
 10086 | D:9      | - shit
 10381 | D:9      | Reached skill level 5 in Fighting
 10524 | D:9      | Found a staircase to the Orcish Mines.
 10651 | D:9      | Offered knowledge of Frozen Ramparts by Vehumet.
 10978 | D:10     | Entered Level 10 of the Dungeon
 11082 | D:10     | Reached skill level 1 in Hexes
 11248 | D:10     | Found a shadowy altar of Dithmenos.
 11419 | D:10     | Reached skill level 5 in Translocations
 11471 | D:10     | Found a staircase to the Lair.
 11474 | D:10     | Noticed Fannar
 11478 | D:10     | Noticed an oklob plant
 11495 | D:10     | Killed Fannar
 11495 | D:10     | Reached **** piety under Vehumet
 11496 | D:10     | Reached XP level 11. HP: 43/64 MP: 6/21
 11603 | D:10     | Noticed an oklob plant
 12372 | D:10     | Killed an oklob plant
 12392 | D:10     | Killed an oklob plant
 12392 | D:10     | Offered knowledge of Yara's Violent Unravelling by Vehumet.
 12393 | D:10     | Reached skill level 5 in Hexes
 12621 | D:10     | Learned a level 5 spell: Iskenderun's Battlesphere
 12622 | Lair:1   | Entered Level 1 of the Lair of Beasts
 12748 | Lair:1   | Reached skill level 1 in Air Magic
 12749 | Lair:1   | Reached skill level 1 in Poison Magic
 13608 | Lair:2   | Noticed a will-o-the-wisp
 13608 | Lair:2   | Found a staircase to the Swamp.
 13798 | Lair:2   | Noticed Sonja
 13804 | Lair:2   | Killed Sonja
 13805 | Lair:2   | Reached skill level 5 in Air Magic
 13946 | Lair:2   | Killed a will-o-the-wisp
 13947 | Lair:2   | Reached XP level 12. HP: 40/70 MP: 10/22
 14204 | Lair:2   | Noticed a six-headed hydra
 14216 | Lair:2   | Killed a six-headed hydra
 14297 | Lair:2   | Reached ***** piety under Vehumet
 14297 | Lair:2   | Offered knowledge of Iron Shot by Vehumet.
 14305 | Lair:2   | Learned a level 6 spell: Iron Shot
 15395 | Lair:3   | Noticed a four-headed hydra
 15402 | Lair:3   | Killed a four-headed hydra
 15416 | Lair:3   | Found a staircase to the Snake Pit.
 15930 | Lair:4   | Noticed a death yak
 15968 | Lair:4   | Noticed a death yak
 16013 | Lair:4   | Noticed an eight-headed hydra
 16020 | Lair:4   | Killed an eight-headed hydra
 16021 | Lair:4   | Reached XP level 13. HP: 41/78 MP: 18/27
 16503 | Lair:4   | Reached skill level 10 in Spellcasting
 17925 | Lair:5   | Offered knowledge of Irradiate by Vehumet.
 18140 | Lair:5   | Reached skill level 1 in Armour
 18244 | Lair:5   | Reached skill level 1 in Earth Magic
 18336 | Lair:5   | Reached XP level 14. HP: 72/86 MP: 31/31
 19024 | Lair:5   | Found the +8 whip "Snakebite" {venom, curare, rPois}
 19029 | Lair:5   | - nice
 19077 | Lair:5   | Found a staircase to the Slime Pits.
 19080 | Lair:5   | Found a viscous altar of Jiyva.
 19272 | Lair:5   | Found a blossoming altar of Fedhas.
 19491 | Lair:6   | Entered Level 6 of the Lair of Beasts
 19647 | Lair:6   | Reached skill level 5 in Armour
 20490 | Lair:6   | Learned a level 5 spell: Irradiate
 20817 | Lair:6   | Reached skill level 1 in Maces & Flails
 21782 | Lair:6   | Offered knowledge of Starburst by Vehumet.
 21807 | Lair:6   | Learned a level 6 spell: Starburst
 22146 | Lair:6   | - haven't seen the hellgate in a while
 22654 | Lair:6   | Reached skill level 5 in Maces & Flails
 22654 | Lair:6   | Reached XP level 15. HP: 83/90 MP: 10/32
 24634 | D:12     | Noticed Nergalle
 24813 | D:12     | Killed Nergalle
 25401 | D:12     | Found a blossoming altar of Fedhas.
 25935 | Orc:1    | Entered Level 1 of the Orcish Mines
 26122 | Orc:2    | Entered Level 2 of the Orcish Mines
 26252 | Orc:2    | Noticed Donald
 26272 | Orc:2    | Killed Donald
 26429 | Orc:1    | Noticed Jorgrun
 26436 | Orc:1    | Found a shimmering altar of Xom.
 26456 | Orc:1    | - oh it was connecte
 26530 | Orc:1    | - where the hell is it
 26546 | Orc:1    | Killed Jorgrun
 26578 | Orc:1    | Found a dark tunnel.
 26588 | Volcano  | Entered a volcano
 26712 | Volcano  | - is this an island one
 26782 | Volcano  | - of course it is
 27047 | Volcano  | Found a radiant altar of Vehumet.
 27308 | Volcano  | Offered knowledge of Freezing Cloud by Vehumet.
 28025 | Orc:2    | Learned a level 5 spell: Freezing Cloud
 28203 | Orc:2    | Found Geolazy's Magic Scroll Shop.
 28208 | Orc:2    | Reached skill level 1 in Fire Magic
 28233 | Orc:2    | Found Leobezezawk's Magic Scroll Boutique.
 29161 | Orc:2    | Found a staircase to the Elven Halls.
 29758 | Orc:2    | Offered knowledge of Lee's Rapid Deconstruction by Vehumet.
 29797 | Orc:2    | Noticed Saint Roka
 30066 | Orc:2    | Killed Saint Roka
 30067 | Orc:2    | Reached skill level 5 in Fire Magic
 30433 | Orc:2    | Reached XP level 16. HP: 94/97 MP: 27/35
 30542 | Orc:2    | Reached skill level 10 in Fighting
 30552 | Orc:2    | Found Mep Iwiq's Armour Boutique.
 30699 | Orc:2    | Found Xozor's Magic Scroll Shop.
 30757 | Orc:2    | Bought 2 scrolls of identify for 52 gold pieces
 30757 | Orc:2    | Bought a scroll of enchant armour for 97 gold pieces
 30757 | Orc:2    | Bought a scroll of fog for 26 gold pieces
 30757 | Orc:2    | Bought a scroll of teleportation for 39 gold pieces
 30773 | Orc:2    | Bought a scroll of identify for 26 gold pieces
 30773 | Orc:2    | Bought a scroll of identify for 26 gold pieces
 30773 | Orc:2    | Bought a scroll of identify for 26 gold pieces
 30773 | Orc:2    | Bought 3 scrolls of identify for 78 gold pieces
 30835 | Orc:2    | Bought a scroll of identify for 28 gold pieces
 30835 | Orc:2    | Bought a scroll of identify for 28 gold pieces
 30835 | Orc:2    | Bought 3 scrolls of identify for 84 gold pieces
 30835 | Orc:2    | Bought a scroll of identify for 28 gold pieces
 30835 | Orc:2    | Identified 2 scrolls of acquirement
 30879 | Orc:2    | Bought a scroll of enchant armour for 120 gold pieces
 30879 | Orc:2    | Bought a scroll of magic mapping for 56 gold pieces
 31146 | D:13     | Found a sparkling altar of Nemelex Xobeh.
 31180 | D:13     | Reached skill level 1 in Ice Magic
 31185 | D:13     | - jesus how many meliai
 31198 | D:13     | Identified the ring "Wour" {+Blink rPois rN+ Str+5 Dex-3}
 31271 | D:13     | Found a flagged portal.
 31315 | D:13     | - how did that hit my mana also
 31498 | D:13     | Acquired the +2 kite shield of Generosity {rF+ rN+ Int+3
                  | Slay+2}
 31500 | D:13     | Acquired a +2 hat of willpower
 31580 | Bailey   | Entered a bailey
 31617 | Bailey   | Reached skill level 1 in Shields
 31639 | Bailey   | HP: 3/97 [orc knight (25)]
 32107 | D:13     | - not worth it
 32640 | D:13     | Found a gate to the Vaults.
 32835 | D:13     | Offered knowledge of Lightning Bolt by Vehumet.
 33760 | D:13     | Reached skill level 5 in Shields
 34158 | Snake:1  | Entered Level 1 of the Snake Pit
 34195 | Snake:1  | Found the +5 demon whip "Spellbinder" {antimagic, Will+}
 34755 | Snake:1  | Identified the +1 robe of Dogotukh {Int-2 Dex+5}
 36567 | Snake:2  | Found Keses's Armour Shop.
 36583 | Snake:2  | Reached skill level 15 in Spellcasting
 36731 | Snake:2  | Offered knowledge of Lehudib's Crystal Spear by Vehumet.
 36739 | Snake:2  | Noticed Vashnia
 37124 | Snake:3  | Reached XP level 17. HP: 59/102 MP: 21/37
 37496 | Swamp:1  | Entered Level 1 of the Swamp
 38124 | Snake:3  | Reached skill level 13 in Conjurations
 38129 | Snake:3  | - damn
 38132 | Snake:3  | - dicey as hell
 38161 | Snake:3  | Found a runed translucent door.
 38162 | Snake:3  | Noticed Selrock's ghost (adept DsMo)
 39269 | D:6      | Noticed Pikel
 39270 | D:6      | - well that's not what I meant
 39286 | D:6      | Killed Pikel
 40006 | Lair:6   | Found a burning altar of Makhleb.
 40119 | Lair:6   | Found a gateway to Hell.
 40266 | Snake:4  | Entered Level 4 of the Snake Pit
 40281 | Snake:4  | Reached skill level 14 in Conjurations
 41616 | Snake:4  | Found Ehuaz's Book Shop.
 41617 | Snake:4  | Found Bedworph's Jewellery Emporium.
 41618 | Snake:4  | Found Cuipa's Book Shop.
 41729 | Snake:4  | Reached ****** piety under Vehumet
 41731 | Snake:4  | Reached skill level 15 in Conjurations
 41894 | D:10     | Learned a level 5 spell: Fireball
 42389 | Snake:4  | Reached skill level 5 in Ice Magic
 42913 | Snake:4  | Offered knowledge of Chain Lightning by Vehumet.
 42913 | Snake:4  | Offered knowledge of Polar Vortex by Vehumet.
 42913 | Snake:4  | Offered knowledge of Ignition by Vehumet.
 42914 | Snake:4  | Reached skill level 1 in Evocations
 43585 | Snake:4  | Reached XP level 18. HP: 64/108 MP: 11/38
 43761 | Snake:4  | Got a serpentine rune of Zot
 43923 | Snake:3  | Identified the ring "Eseuke" {rElec rC+ MP+9 AC+4}
 43927 | Snake:3  | - pretty, pretty nice
 44173 | Lair:2   | - oh i didnt just do that
 45047 | Swamp:1  | Reached skill level 5 in Evocations
 46916 | Swamp:4  | Entered Level 4 of the Swamp
 46945 | Swamp:4  | Noticed Louise
 47200 | Swamp:4  | Identified the +10 plate armour of Weleot {rF+ Str+5 Dex-2}
 47307 | Swamp:4  | Reached skill level 10 in Air Magic
 47562 | Swamp:4  | Noticed Mara
 47572 | Swamp:4  | Noticed Roxanne
 48069 | Swamp:4  | - this is pretty risky...
 48073 | Swamp:4  | Killed Roxanne
 48074 | Swamp:4  | - phew
 48204 | Swamp:4  | - Mara just straight camping this
 48275 | Swamp:4  | Killed Louise
 48825 | D:14     | Reached skill level 16 in Conjurations
 48974 | D:14     | Noticed Kirke
 48980 | D:14     | Killed Kirke
 49765 | D:15     | Entered Level 15 of the Dungeon
 50118 | D:15     | Reached XP level 19. HP: 116/116 MP: 29/39
 50343 | D:15     | Found a staircase to the Depths.
 50370 | D:15     | Reached skill level 17 in Conjurations
 50606 | D:15     | Found an ornate altar of the Wu Jian Council.
 51271 | D:13     | Acquired grimtooth's Incunabulum of Dislocated Clay
 51439 | Orc:2    | Bought a scroll of teleportation for 42 gold pieces
 51439 | Orc:2    | Bought a scroll of teleportation for 42 gold pieces
 51449 | Orc:2    | Bought a scroll of teleportation for 48 gold pieces
 51858 | Vaults:1 | Entered Level 1 of the Vaults
 52413 | Vaults:1 | Reached skill level 18 in Conjurations
 52807 | Vaults:1 | Found Cycruogga's Magic Scroll Boutique.
 52829 | Vaults:1 | Reached skill level 10 in Fire Magic
 53219 | Vaults:1 | Bought a scroll of blinking for 142 gold pieces
 53219 | Vaults:1 | Bought a scroll of blinking for 142 gold pieces
 53791 | Vaults:1 | Found Odaeschoe's Antique Weapon Boutique.
 54251 | Vaults:1 | Found Wafeheut's Armour Shop.
 54317 | Vaults:1 | Noticed Nikola
 54330 | Vaults:1 | Killed Nikola
 54331 | Vaults:1 | - yikes
 55196 | Vaults:2 | - god damn
 55389 | Vaults:2 | Found Giwaqaim's Antique Armour Shop.
 55418 | Vaults:2 | - shit
 55418 | Vaults:2 | Noticed Bai Suzhen
 55420 | Vaults:2 | HP: 2/116 [yaktaur captain/bolt (13)]
 55423 | Vaults:2 | Annihilated by a vault warden

Illustrated notes ##...#..# .......)...##...... ##..#.## ##.##...... ##...<. #..)...####..###..... ##..... ##.......##..##............## ##.###.......#.............. ### ###.................... ##.....#.............. #......#.............. ##...........##........ #...........####....... ##.....@..#..# ##..... ##..#......##..# ##.... #...#..##.:# .# ..... ##...$..##.# ..##. #.....#.## ..# #......... .... ##........Q..#.. #.......###.### ##....... # ##....... ##. ...# Turn 8398 on D:8: - that's a bit hairy #...........)#......### # #........(...#........# # ###..........#........####### #.....(....#............... #....>.(...##############'# #.......................... #..........(............... #........^................. #...........K.................. #.###..................######+# #####.....@y.......# # ##########.....+ # #.....# # #.<...# # #.....# # #######.....######## .................... .................... .>.................. ......).....(()..... ..o................. Turn 10086 on D:9: - shit ### ##.#### ###.....####### ##...#.....##..# ##..####..#.#..@# #.### #####..### #[.### #### ###..†## ### # ##†††#####.### # ##.#....#...## # ######..###.### # ###.# #.## ##..# # #...###### #.†## ###.#...†#######.# ....#####...#.#..# Turn 19029 on Lair:5: - nice ###### . ....p .. .8.. .8. ... ..8.#.. #.8... ..#.8..############## .8.8...+@............ .......#...8....8.... ♣♣♣♣♣+ ########............. ♣♣.♣♣P♣♣♣ ######''##### ♣.......♣♣♣ ♣....♣ ...♣♣♣....♣♣♣ ♣♣...♣ ♣♣♣♣ ♣♣♣♣...♣♣ ♣♣♣..♣♣♣ ♣ ♣♣...♣♣♣♣♣..♣♣♣ ♣♣♣†.♣♣..♣♣♣ ♣.†...♣♣♣ ♣♣...♣♣ Turn 22146 on Lair:6: - haven't seen the hellgate in a while ###....## ##.#...... ###.##....#####.#....... ##......#.....#........^. #..............#......... ##.#.#................... ###...............>..#.. #...................... ### ##.##.._.....#......... #.### ##.#.................. ....#### #...$....#..##.#...... .......## ##...@...#######...#.. ........# ###....## #....... ........## ..#....# #...#...... .....#...# ........## ##..#.....$ ....###..#.....#..## #.......## .............###### ##......# ..#..$...h... #...#.## ........#.## ##.#### ..........## ## ...........# .......$#. Turn 26456 on Orc:1: - oh it was connecte #.#.#...................#.... ###...............>..#....... #.........................## ##.##.._.....#.............. ##.#....................... #...$....#..##.#........... ##.......#######...#......g ###....## ##.#........# ####..#....# #...#.......# ##..†.....## ##..#.....$## #.....#..## #.@.....### ....###### ##......# .....# #...#.## .##.## ##.#### .#### ### ..# .## ## Turn 26530 on Orc:1: - where the hell is it .......≈§ ......≈≈§ .......≈§ ##......§≈§ ##......≈≈≈≈ #......§§§≈§ #......§§§§§ ##@....§≈≈§ #........≈§ #....§..≈≈§≈ ###....§.§≈≈ ≈ ##......§.§≈≈§§§ ≈§≈ #.......§§§≈≈≈≈§§≈≈≈ ##......≈§§§≈≈§≈≈§≈§ ##......≈≈§≈≈§≈§§≈≈ #.......§§≈≈§≈≈§§§ ####.......≈≈≈§≈§≈ ##.........§.≈. Turn 26712 on Volcano: - is this an island one ### ##### *** #.# ##...######## ***,** ..###.....##....# ***,,,,* ###...#.#....#.####.##..,******** ...............*@.......,,,*,*,,* ........................,,,,,,,,, ........§...............,,,,,,,,, §..≈≈..≈§≈≈.§.≈≈..≈≈....,,,,,,,,, ≈°≈≈§≈≈≈≈≈§§§≈≈§≈§≈§≈§≈≈≈≈,,,,,,, ≈≈≈§≈≈≈≈≈≈≈§§§§≈≈≈§§≈≈≈≈≈≈≈,,,,,, ≈≈°≈§§≈≈§≈§≈§≈§≈≈≈§§≈≈≈≈≈≈≈≈,,,,, §≈§≈§§§≈≈≈≈≈≈§§§≈≈§≈§≈§≈≈≈≈≈,,,,, ≈≈≈≈≈≈≈≈≈§§§≈≈≈≈≈≈≈≈≈≈≈≈≈≈,,≈≈≈≈, ≈≈≈≈≈≈≈≈≈≈≈≈≈≈≈≈≈≈≈≈≈≈≈≈,,≈≈≈≈≈,, ≈≈,≈≈,,,≈≈≈≈,,≈≈,,≈,≈≈,,≈≈≈≈≈≈≈≈, Turn 26782 on Volcano: - of course it is #...c.c #...c. #$..>. #...^. #....# #....###### #....#....# ##### #..y)#.##.# #...# #...)).⌠#@#####.# #....yzz○.......#.. #....⌠.⌠..........# ######......#.....# ##########.#.#.##### #...............# #...............# #...............# #...............# #.............$.# #............#..# # Turn 31185 on D:13: - jesus how many meliai ......##W#### ....####....# .... ####.# #.# #.# #W# #z# #p# #.# #.# #@# #.# #.####.## #..<....# ########..# ###.........# ..#.#####...### #.#.# #.....# ##.#.# #...#.# ..#.## #####.# #.#..###### #.# Turn 31315 on D:13: - how did that hit my mana also ### # #.# #. #.# ... #.# .... ####.### ..... #......# #.....##.##.#'### .......@.##.#.#.# !.....#####.#.8.# ..... #.#.#.# #......# #.8.#.# #......#####.#.#.# ...........#.#.8.# .#. #.# #......#.#.#.# .#.. #.# #......#.8.#.# .... #.# #..!...#.#∩#.# ##..#####.###......#.#8#.# ............>........>#..# Turn 32107 on D:13: - not worth it ................ ..#.......## ...........##... .#.#........## .......####. ..# ............# .....### .#...................# ...### .....................## .. #.........#...........# .. .#.......#.............# .. ...................).[## ......#...................#...# ...#.#.....................<.## ................@........#...# ....(..#........°....§.....(## ......#...........§§§S#.....# #...........#.....SS§.#..#..# ##................##☼.##..[.## ........<........##≈..≈####..# #..#............##≈≈..≈≈# #..## ##.##..........##≈≈....≈≈##.#.# .#..##...##....#≈≈S≈.|≈.≈≈#.#.# .#...#.........# .≈.≈#...# .#..##..##.#.#.# #...# Turn 38129 on Snake:3: - damn

.....................#)).........
.................####.#####......
..#............##...)##..........
......................#####......
..................###># #......
#.....................# #.....#
................#.....# #.....#
....................... ..#.....
...##.............##... .#.#.....
..............####. ..# ........
............###.@#...............
#.........###....................
....#.........###.........#......
..........### .#.......#........
..#...... ..................
.#...........#...................
#....##...#.#....................
.......................S........#
..####.....(..#........°.........
#.#..#.......#..............S#...
#....###...........#.....SS..#..#


Turn 38132 on Snake:3: - dicey as hell ..# #.......###.#.#.......#..### ..#
#.............#.#........... ### ###.........###.#...######## #.........#
#)#...#......# ######.K#.# #.#...#......# ##.#.###.#...#.......
#.....#.'...######.# ###...#.###...######.# ######.....#...#..........#
#......##..###.#<#.######## #.###..(..@#...###.# ###### #.###.######.#####.#
#<.... #...#.....##.#.....# ###### ###.#...#.#....##### #.#.#.#....###
#.#.#.###.## #.#.#.....# #.#.####### #.#.# #...# ##### Turn 39270 on D:6: - well
that's not what I meant #####...### #.........## #########
...........######.....†.### #....>..##..##.........)..###
................#...........# ..............#[)...........#
..........####.#####.......## ........##...)##...........#
...............#####.......# ...........###>#.8.#.......#
...............#@.(#.....#.## .........#.....##'##.....#..#
....................#.......## ...........##..[..#.#........##
.......####.....#.............# .....###..#...................#
...###........................## .......###.........#...........#
...###...#.......#.............# ...........................).[##
......#...................#...# Turn 43927 on Snake:3: - pretty, pretty nice
##........P....#####..........## #P.#.....((...............#....##
##P###...P......P###.....##....P# ####...P........#.......###....#
##....................#P..... ##........................>.
##.#.........#######....... ####...........# ##........ #.#............##
#......... # ####...............# #÷........ ###.......P.....@....# #.........
.......#.##.........#####........ ....###.##............# #†÷...... ..###
#####...........# #.†...... ### ##..........## #.......# .# #...........#
####..#.# .# ##.........## ###### ## #.......### ###### ##.......#####..#P# #
#...#.P####.##....### # ##...### ##........# # Turn 44173 on Lair:2: - oh i
didnt just do that ≈..≈≈≈≈.♣♣♣♣...≈...≈≈≈♣♣....≈v≈≈≈ .≈≈≈...≈♣ ♣♣.≈≈≈.≈≈≈≈≈.
♣....≈t ..≈≈....♣♣♣ ♣.≈≈≈≈§≈≈.♣ ♣<≈≈ ≈≈≈≈..≈≈.≈♣ ♣≈≈≈≈≈≈≈≈.♣ ♣≈.≈≈
♣♣≈♣♣♣...≈♣♣♣.≈§.)≈.≈♣♣ ≈...§≈ ♣♣♣ ♣≈...♣♣.≈≈≈.≈≈♣♣♣ ♣≈♣♣≈≈≈≈ ♣...§.≈.≈≈≈§♣♣♣ ♣
♣≈≈≈. ♣♣♣..§..§≈§§≈§♣ ♣≈≈.≈ ##≈≈..≈≈≈.≈≈§≈§♣♣♣ ♣♣≈≈♣ ♣≈≈≈.≈≈≈≈≈≈≈≈§.§§♣♣♣ ♣♣♣≈
###≈≈..≈≈.≈≈≈≈§≈@≈...♣ |.≈≈≈..≈♣≈......≈..8.≈♣ ..≈≈†.≈♣♣♣♣♣♣♣♣..≈...$≈♣ .≈≈≈†.♣♣
♣♣.≈..≈..♣ #≈≈≈≈.♣ ♣♣♣.♣♣♣♣♣ ##≈Z≈.♣ ♣♣ ##≈≈≈♣ #≈≈≈♣ ##≈≈♣ ##♣♣ Turn 48069 on
Swamp:4: - this is pretty risky... ≈≈....♣♣♣ ♣.≈≈≈≈§≈≈.♣ ♣<≈≈≈≈ ≈≈..≈≈.≈♣
♣≈≈≈≈≈≈≈≈.♣ ♣≈.≈≈f≈ ≈♣♣♣...≈♣♣♣.≈§.)≈.≈♣♣ ≈...§≈≈≈ ♣♣ ♣≈...♣♣.≈≈≈.≈≈♣♣♣
♣≈♣♣≈≈≈≈.. ♣...§.≈.≈§§[♣♣♣ ♣ ♣≈≈≈.♣♣ ♣♣♣..§..≈≈≈≈≈≈♣ ♣≈≈.≈♣ ##≈≈..≈≈≈.§≈≈≈.♣♣♣
♣♣≈≈♣≈ ♣≈≈≈.≈≈≈≈≈≈≈≈≈.≈≈♣♣♣ ♣♣♣≈.. #≈≈..≈≈.≈≈≈≈≈≈≈≈...♣♣ ≈≈≈..≈♣≈......≈..:.§♣♣
≈≈†.≈♣♣♣♣♣♣♣♣..≈@..$≈♣ ≈≈†.♣♣ ♣♣.≈..≈..♣ ≈≈≈.♣ ♣♣♣.♣♣♣♣♣ ≈Z≈.♣ ♣♣♣ #≈≈≈♣ #≈≈≈♣
##≈≈♣ ##♣♣ Turn 48074 on Swamp:4: - phew ≈≈≈...≈≈≈...≈♣ ♣♣.≈≈≈.≈≈≈≈≈. ♣.
.≈≈....≈≈....♣♣♣ ♣.≈≈≈≈§≈≈.♣ ♣..♣♣≈≈≈≈..≈≈.≈♣ ♣≈≈≈≈≈≈≈≈.♣ ♣♣♣
♣♣♣≈♣♣♣...≈♣♣♣.≈≈.)≈.≈♣♣ ≈ ♣♣♣ ♣≈...♣♣.≈≈≈.≈≈♣♣♣ ♣≈♣ ♣...≈.≈.≈≈≈[♣♣♣ ♣
♣♣♣..≈..≈≈≈≈≈≈♣ ##≈≈..≈≈≈.≈≈≈≈.♣♣♣ ♣≈≈≈.≈≈≈≈≈≈≈≈≈.≈≈♣♣♣ ####≈≈..≈§.≈≈≈≈≈≈≈≈...♣♣
###|.≈≈≈..≈♣≈.@....≈....≈♣♣ #....≈≈†.≈♣♣♣♣♣♣♣♣..≈....§♣ R...≈≈≈†.♣♣ ♣♣.≈..≈..♣
.°.#≈≈≈≈.♣ ♣♣♣.♣♣♣♣♣ . ##≈Z≈.♣ ♣♣♣ ##≈≈≈♣ #≈≈≈♣ ##≈≈♣ ##♣♣ Turn 48204 on
Swamp:4: - Mara just straight camping this >..#...>....######## ...#........#
...#...8....# ####........# ............# ...)........# ............############
.)...................... .................)...... #'########..####)##'#### ...#
#..#..)@§..)# ...# #..#...)....# ...# #..#........# ...# #..#........# ...#
#..#........# ...# #..#........# '#'#######..#....?...# .........#..#........#
.....)...#..# .........#..# .......∩.#..# Turn 54331 on Vaults:1: - yikes
####+## ##.....## ##.......## ##.....H...## #.8B9.@..p.p# ##.O99.....##
##88.....## ##.....## ##+##+# .... ../. ..... Turn 55196 on Vaults:2: - god damn
*,,,,,,,,,,,,,,,,,,,#........#* ********************#........#, #........#,
#........#, ***** #........+, **,,,** #........#, *,*,*,* ########........#*
**,*,*,*########......#........#* *,**,**,+.$....#.§§§..#........#
*,**,**,#......+).§§..#........# *,**,**,#......#@.§☼§.#........#
*,**,**,#......#T.p§§.#........# *,**,**,#......#.§§T..#........##
**,*,*,*#......#[§)§O.#.T......+. *,*,*,*#......#...p.(pcT......#.
**,,,**#......#......#........#. ***** #......#..∩...#..T.....#.
*******+*****########....p...#. *,,,,,,,* #....T...'. ***,,,,,,,* #....T...##
,,,,,,,,,,* #........* Turn 55418 on Vaults:2: - shit

Levels and vault maps discovered:
D:1:      minmay_arrival_split_and_join, layout_rooms, serial_bayou_crossing
D:2:      layout_basic, dk_vineyard_3, grunt_ministairs_12
D:3:      layout_basic, makhleb_altar_promises_db, grunt_gozag_statues,
          nicolae_overflow_crystal_walls, kennysheep_slug_shrine,
          overflow_temple_1_default, shapermc_ecumenical_altar_mp_ritualfount,
          uniq_terence
D:4:      layout_basic, temple_pool_b, uniq_menkaure
D:5:      layout_basic, lemuel_mausoleum_altar_yredelemnul, dk_noncrumbling_4,
          minmay_misc_feat_doors
D:6:      layout_basic, mainiacjoe_overflow_divided_tiny,
          gammafunk_ghost_necromancy, uniq_pikel
D:7:      layout_basic, gammafunk_ghost_nasty_kobolds, kennysheep_generic_room_7
D:8:      layout_cave_pools, serial_column_ruins, column_ruins_grid_4,
          column_ruins_open_medium, column_ruins_open_tiny,
          column_ruins_corridor_corner, column_ruins_corridor_straight,
          column_ruins_grid_2, column_ruins_open_small
D:9:      layout_irregular_city, kennysheep_orc_monster_closet_entryway
D:10:     layout_basic, lemuel_round_altar, dpeg_oklobed_lair, uniq_fannar
D:11:     layout_stronghold
D:12:     layout_stronghold, serial_co_window_serial,
          co_window_of_opportunity_a, co_window_of_opportunity_a,
          co_window_corner_a, co_window_paths_b, co_window_paths_a,
          co_window_unsneaky_path_c, co_window_corner_ca, co_window_cross_3,
          co_window_corner_b, co_window_broadway_a, co_window_unsneaky_path_d,
          co_window_paths_e, co_window_paths_d, fedhas_altar_3, uniq_nergalle
D:13:     hangedman_screamer, layout_basic, david_vaults_4, enter_bailey_8,
          nemelex_xobeh_ov_fountains_minmay
D:14:     layout_small_grid, minmay_misc_feat_tower, uniq_kirke
D:15:     grunt_enter_depths_giant_problem, layout_stronghold, minivault_24,
          ebering_dispersal_statue_hall, pdpol_wu_jian_five_deadly_venoms
Temple:   oiseaux_autumnal_temple
Lair:1:   layout_small_grid
Lair:2:   layout_cave_pods, minmay_swamp_entry_wisps, lemuel_old_faithful,
          grunt_megastairs_3, lemuel_fruit_tree, uniq_sonja
Lair:3:   layout_loops_ring, minmay_snake_entry_guardpost_small,
          serial_bayou_pond_c
Lair:4:   layout_loops_ring, grunt_megastairs_2, infiniplex_staircase_pool_2
Lair:5:   minmay_guarded_unrand_snakebite, layout_regular_city, slime_altar_1,
          hangedman_tree_tricks, beast_lair_carwin_6
Lair:6:   evil_forest, layout_regular_city, dpeg_oklob_1
Swamp:1:  layout_basic_swamp, nicolae_swamp_decorative_isthmus, swamp_pool4
Swamp:2:  layout_basic_swamp, serial_swamp_ruin, evilmike_swamp_ruin_house_5,
          evilmike_swamp_ruin_rubble_1, infiniplex_staircase_pool
Swamp:3:  layout_falls_marsh, hangedman_swamp_ruin_wall, swamp_pool1
Swamp:4:  swamp_pestilence, layout_basic_swamp, uniq_roxanne, uniq_mara,
          uniq_louise
Snake:1:  layout_onion_interference, nicolae_snake_single_loop, drop_trap,
          serial_bayou_shore_a
Snake:2:  layout_honeycomb, nicolae_stop_n_shop_1,
          nrook_guardian_serpent_double, uniq_vashnia
Snake:3:  nicolae_snake_nest, layout_onion_interference, gammafunk_ghost_grave,
          nicolae_snake_bzzzt
Snake:4:  grunt_snake_rune_pools, layout_cave_town, minmay_shop_grove,
          serial_bayou_shore_b
Orc:1:    layout_caves, basic_altar, enter_volcano_1, uniq_jorgrun
Orc:2:    pubby_orc_utopia, serial_shops, uniq_donald
Vaults:1: vaults_mumra_minichess, v_misc_18, vaults_room_grid,
          vaults_standard_mumra_lines, v_misc_18, ontoclasm_vaults_ring_small,
          ontoclasm_vaults_shout, vaults_room_corners,
          nicolae_vaults_mini_display_case, layout_vaults_quadrants,
          serial_shops, shop_statue, shop, shop, uniq_nikola
Vaults:2: nicolae_vaults_border_crossing, nicolae_vaults_network_quincunx
          [nicolae_vaults_network_quincunx_subvault,
          nicolae_vaults_network_quincunx_subvault,
          nicolae_vaults_network_quincunx_subvault,
          nicolae_vaults_network_quincunx_subvault,
          nicolae_vaults_network_quincunx_subvault], v_pattern_3,
          nicolae_vaults_circle_grid_b, nicolae_vaults_angled_halls,
          hangedman_vaults_nails, ontoclasm_vaults_decontamination, v_misc_9,
          vaults_mumra_chevron, vaults_mumra_hex, nicolae_vaults_theta,
          layout_vaults_omnibox, serial_shops, bzr_entry_gold, shop,
          uniq_bai_suzhen

Skill      XL: |  1  2  3  4  5  6  7  8  9 10 11 12 13 14 15 16 17 18 19 |
---------------+----------------------------------------------------------+-----
Conjurations   | 6 8 9 12 15 16 18 | 18.0
Spellcasting   | 3 4 5 6 9 12 14 15 | 15.7
Stealth        | 3 6 |  6.0
Dodging        | 3 6 8 9 |  9.0
Translocations | 3 4 5 6 |  6.0
Fighting       | 3 6 8 9 10 12 | 12.0
Hexes          | 3 6 |  6.0
Air Magic      | 6 9 11 12 | 12.0
Poison Magic   | 4 |  4.0
Armour         | 2 8 9 |  9.0
Earth Magic    | 1 4 |  4.0
Maces & Flails | 5 6 |  6.0
Fire Magic     | 5 7 9 12 | 12.0
Ice Magic      | 1 6 |  6.0
Shields        | 6 |  6.0
Evocations     | 3 6 |  6.0

Action                   |  1- 3 |  4- 6 |  7- 9 | 10-12 | 13-15 | 16-18 | 19-21 || total
-------------------------+-------+-------+-------+-------+-------+-------+-------++-------
Melee: Unarmed           |     1 |    12 |       |       |       |       |       ||    13
       Kick              |     1 |     1 |       |     3 |    61 |    71 |    33 ||   170
       Whip              |       |       |     1 |     4 |   231 |   251 |   102 ||   589
       Peck              |       |       |     1 |     1 |    40 |    47 |    24 ||   113
       Dagger            |       |       |       |     6 |    13 |       |       ||    19
       Staff             |       |       |       |       |       |    15 |     1 ||    16
Throw: Stone             |     6 |       |       |       |       |       |       ||     6
       Dart              |       |       |    20 |    51 |    60 |    20 |     2 ||   153
 Cast: Magic Dart        |    53 |    63 |    87 |   162 |   326 |   341 |     4 ||  1036
       Searing Ray       |     2 |    11 |    65 |    87 |   120 |   128 |    15 ||   428
       Shock             |       |       |     2 |     3 |     1 |       |       ||     6
       Iskenderun's Myst |       |       |       |    23 |    89 |   125 |    32 ||   269
       Fulminant Prism   |       |       |       |    12 |    40 |    18 |    11 ||    81
       Iskenderun's Batt |       |       |       |    23 |    61 |   100 |     7 ||   191
       Mephitic Cloud    |       |       |       |     4 |    27 |    13 |     2 ||    46
       Iron Shot         |       |       |       |       |    17 |   128 |    71 ||   216
       Freezing Cloud    |       |       |       |       |       |    20 |     5 ||    25
       Fireball          |       |       |       |       |       |    19 |     7 ||    26
       Irradiate         |       |       |       |       |       |       |     5 ||     5
       Starburst         |       |       |       |       |       |       |     1 ||     1
 Abil: Evoke Blink       |       |       |       |       |       |     8 |       ||     8
Evoke: Wand              |       |       |       |     1 |    12 |    71 |       ||    84
       Piece from Xom's  |       |       |       |       |       |     1 |       ||     1
       Lightning rod     |       |       |       |       |       |     4 |       ||     4
  Use: Potion            |       |     2 |       |     4 |     3 |     4 |     5 ||    18
       Scroll            |       |       |       |     6 |     7 |    28 |     6 ||    47
 Stab: Confused          |       |       |       |       |     4 |     7 |     3 ||    14
       Invisible         |       |       |       |       |     3 |       |       ||     3
       Distracted        |       |       |       |       |       |     1 |       ||     1
Armor: Robe              |     1 |       |       |       |       |       |       ||     1
       Skin              |       |     5 |       |       |       |       |       ||     5
       Leather armour    |       |     2 |       |       |       |       |       ||     2
       Steam dragon scal |       |       |     6 |    24 |    30 |   111 |    18 ||   189
Dodge: Dodged            |     1 |    16 |    59 |   133 |   340 |   528 |    58 ||  1135
Block: Buckler           |       |       |       |       |       |   104 |    26 ||   130
       Reflection        |       |       |       |       |       |    10 |       ||    10
